 Dungeon Crawl Stone Soup version 0.32-a0-893-gf85d74f360 (webtiles) character file.

Game seed: 3780648407318953221

32 Turgor the Chopper (level 3, 0/31 HPs)
             Began as a Mountain Dwarf Fighter on Apr 3, 2024.
             Slain by a cerulean imp
             ... wielding a +0 spear
             ... summoned by Natasha
              (3 damage)
             ... on level 2 of the Dungeon.
             The game lasted 00:03:04 (1179 turns).

Turgor the Chopper (Mountain Dwarf Fighter)         Turns: 1179, Time: 00:03:04

Health: 0/31       AC:  6    Str: 18    XL:     3   Next: 10%
Magic:  3/3        EV:  8    Int: 10    God:
Gold:   95         SH:  4    Dex:  9    Spells: 2/2 levels left

rFire   . . .        a - +0 war axe
rCold   . . .        c - +0 buckler
rNeg    . . .        b - +0 scale mail
rPois   .            (no helmet)
rElec   .            (no cloak)
rCorr   .            (no gloves)
SInv    .            (no boots)
Will    .....        (no amulet) Stlth
                     (no ring)
HPRegen 0.25/turn    (no ring)
MPRegen 0.08/turn

%: no passive effects
@: slowed, very slow
A: runic magic, artefact enchanting
a: no special abilities


You were on level 2 of the Dungeon.
You visited 1 branch of the dungeon, and saw 2 of its levels.

You collected 95 gold pieces.

Inventory:

Hand Weapons
 a - a +0 war axe (weapon)
Armour
 b - a +0 scale mail (worn)
 c - a +0 buckler (worn)
Scrolls
 h - a scroll of teleportation
 i - a scroll of fear {unknown}
 j - a scroll of immolation
Potions
 d - a potion of might
 e - 2 potions of brilliance {unknown}
 f - a potion of mutation {unknown}
 g - a potion of haste {unknown}
 k - 2 potions of curing {unknown}


   Skills:
 - Level 3.2 Fighting
 * Level 4.4 Axes
 - Level 3.2 Armour
 - Level 3.2 Shields


You had 2 spell levels left.
You didn't know any spells.
Your spell library contained the following spells:

 Spells                   Type           Power      Damage    Failure   Level
 Passwall                 Erth           0%         N/A       88%         3
 Tukima's Dance           Hex            0%         N/A       88%         3
 Volatile Blastmotes      Fire/Tloc      0%         2d10      88%         3
 Passage of Golubria      Tloc           0%         N/A       99%         4
 Vhi's Electric Charge    Tloc/Air       0%         N/A       99%         4
 Yara's Violent Unravell  Hex/Alch       0%         3d3       100%        5
 Bombard                  Conj/Erth      0%         9d1       100%        6


Dungeon Overview and Level Annotations

Branches:
Dungeon (2/15)

Altars:
Zin

Annotations:
D:2 Natasha


Innate Abilities, Weirdness & Mutations

Your spellcasting is much less encumbered by armour.
You can use scrolls of enchantment on lesser artefacts.


Message History

You aren't carrying any items that you can evoke.
Unknown command.
Natasha casts a spell at you.
You feel yourself slow down.
Natasha mumbles some strange words.
Natasha completely misses you.
You closely miss Natasha. Natasha claws you.
The cerulean imp closely misses you. Natasha barely misses you.
You barely miss Natasha.
The cerulean imp hits you from afar with a +0 spear.
You block Natasha's attack.
The cerulean imp hits you but does no damage.
Natasha claws you.
You closely miss Natasha.
The cerulean imp hits you but does no damage.
Natasha stares at you and mumbles some strange words.
The magic dart hits you but does no damage.
The cerulean imp hits you from afar with a +0 spear.
Natasha claws you.
You closely miss Natasha.
The cerulean imp hits you but does no damage.
Natasha barely misses you.
The cerulean imp hits you but does no damage.
You hit Natasha.
Natasha is moderately wounded.
You block Natasha's attack.
The cerulean imp hits you from afar with a +0 spear.
Natasha mumbles some strange words.
Natasha shimmers violently.
Natasha claws you but does no damage.
The cerulean imp hits you but does no damage.
You slash Natasha!
Natasha is almost dead.
Natasha casts a spell at you. The magic dart hits you!
The cerulean imp barely misses you. Natasha casts a spell at you.
The magic dart hits you!
* * * LOW HITPOINT WARNING * * *
The cerulean imp hits you from afar with a +0 spear.
You die...

#########
#.......#
#.#####.#
#.# #.#
#########.#
#.#
#.........#
#.#
#.#########
#.# #.# #.#
#.# #@# #.#
#h# #.# #5#
#.# #.# #.#
..# ##.#
### ...#


PPPPPPP .[..P.P You could see Natasha and a cerulean imp (summoned).

Vanquished Creatures
  An adder (D:2)
  2 dart slugs (D:1)
  An endoplasm (D:1)
  3 giant cockroaches (D:1)
  2 hobgoblins
  4 kobolds (D:1)
  5 ball pythons (D:1)
  2 rats (D:1)
20 creatures vanquished.

Notes
Turn   | Place    | Note
-------+----------+-------------------------------------------
     0 | D:1      | Turgor the Mountain Dwarf Fighter began the quest for the
                  | Orb.
     0 | D:1      | Reached XP level 1. HP: 19/19 MP: 1/1
   138 | D:1      | Reached skill level 3 in Axes
   138 | D:1      | Found a faded altar of an unknown god.
   163 | D:1      | Reached XP level 2. HP: 26/26 MP: 2/2
   961 | D:1      | Reached skill level 4 in Axes
  1061 | D:2      | Found a glowing silver altar of Zin.
  1088 | D:2      | Reached XP level 3. HP: 22/31 MP: 3/3
  1170 | D:2      | Noticed Natasha
  1179 | D:2      | Slain by a cerulean imp

Illustrated notes

Levels and vault maps discovered:
D:1:      dpeg_arrival_erosion, layout_loops_corners,
          shapermc_ecumenical_altar_totnotflames
D:2:      layout_basic, basic_altar, minmay_hedge_maze, uniq_natasha

Skill      XL: |  1  2 |
---------------+-------+-----
Axes           | 3 4 |  4.4
Fighting       | |  3.2
Armour         | |  3.2
Shields        | |  3.2

Action                     || total
---------------------------++-------
  Melee: War axe           ||    67
    Use: Scroll            ||     3
 Armour: Scale mail        ||    58
  Dodge: Dodged            ||    31
  Block: Buckler           ||    11

Table legend: (Time is in decaauts)
 A = Elapsed time spent in this place.
 B = Non-inter-level travel time spent in this place.
 C = Inter-level travel time spent in this place.
 D = Time resting spent in this place.
 E = Time spent auto-exploring this place.
 F = Levels seen in this place.
 G = Mean time per level.
                   A        B        C        D        E       F      G
               +--------+--------+--------+--------+--------+-----+--------+
         Total |   1207 |   1158 |     49 |      0 |    929 |   2 |  603.5 |
       Dungeon |   1207 |   1158 |     49 |      0 |    929 |   2 |  603.5 |
               +--------+--------+--------+--------+--------+-----+--------+

Top non-repeatable levels by time:
     D:1: 1054 daAuts
     D:2: 152 daAuts
